 Dungeon Crawl Stone Soup version 0.18.1-50-g88ac8fd (webtiles) character file.

2682 n3xus the Cleaver (level 9, -3/52 HPs)
             Began as a Tengu Berserker on Nov 25, 2016.
             Was an Elder of Trog.
             Slain by a six-headed hydra (5 damage)
             ... on level 7 of the Dungeon.
             The game lasted 00:15:12 (7351 turns).

n3xus the Cleaver (Tengu Berserker)                 Turns: 7351, Time: 00:15:19

Health: -3/52      AC:  9    Str: 21    XL:     9   Next: 64%
Magic:  10/10      EV: 13    Int:  7    God:    Trog [****..]
Gold:   403        SH:  0    Dex: 14    Spells: 0 memorised, 8 levels left

rFire  . . .     SeeInvis .     a - +0 hand axe
rCold  . . .     Gourm    .     j - +3 scale mail
rNeg   . . .     Faith    .     (no shield)
rPois  .         Spirit   .     (helmet restricted)
rElec  .         Dismiss  .     (no cloak)
rCorr  .         Reflect  .     (no gloves)
SustAt .         Harm     .     (boots unavailable)
MR     .....                    y - amulet of magic regeneration
Stlth  ++........               (no ring)
                                (no ring)

@: flying quickly and evasively, quick, not resistant to hostile enchantments,
unstealthy
A: beak, talons 3, able to fly 1
a: Berserk, Trog's Hand, Brothers in Arms, Burn Spellbooks, Renounce Religion


You were on level 7 of the Dungeon.
You worshipped Trog.
Trog was greatly pleased with you.
You were hungry.

You visited 1 branch of the dungeon, and saw 7 of its levels.

You collected 403 gold pieces.

Inventory:

Hand Weapons
 a - a +0 hand axe (weapon)
Armour
 b - a +0 animal skin
 j - a +3 scale mail (worn)
Magical Staves
 H - an uncursed staff of conjuration {unknown}
Jewellery
 y - an amulet of magic regeneration (around neck)
 E - an uncursed ring of stealth {unknown}
 J - an uncursed ring of sustain attributes {unknown}
Wands
 m - a wand of digging (21/24)
 o - a wand of lightning (11/15)
 u - a wand of flame (31/48)
Scrolls
 e - 3 scrolls of immolation {unknown}
 f - a scroll of fear {unknown}
 g - 7 scrolls of remove curse
 h - 3 scrolls of teleportation {unknown}
 i - a scroll of fog {unknown}
 k - 3 scrolls of random uselessness {unknown}
 l - 3 scrolls of noise {unknown}
 n - 2 scrolls of amnesia {unknown}
 p - 2 scrolls of magic mapping {unknown}
 q - 5 scrolls of identify {unknown}
 C - 2 scrolls of recharging {unknown}
 D - a scroll of enchant weapon {unknown}
Potions
 r - 4 potions of curing {unknown}
 v - 2 potions of flight
 x - a potion of heal wounds {unknown}
 z - a potion of magic {unknown}
 A - 3 potions of lignification {unknown}
 B - 2 potions of agility {unknown}
 G - a potion of berserk rage {unknown}
 I - a potion of mutation {unknown}
Comestibles
 c - a bread ration
 d - 4 beef jerkies
 s - 2 slices of pizza
 t - a fruit
 w - 5 meat rations


   Skills:
 - Level 4.3 Fighting
 + Level 10.8 Axes
 - Level 2.8 Armour
 - Level 3.3 Dodging
 + Level 8.1 Stealth


You had 8 spell levels left.
You didn't know any spells.

Dungeon Overview and Level Annotations

Branches:
Dungeon (7/15)             Temple (0/1) D:4

Altars:
Ashenzari
Cheibriados
Elyvilon
Fedhas
Kikubaaqudgha
Makhleb
Nemelex Xobeh
Okawaru
Pakellas
Ru
Trog


Innate Abilities, Weirdness & Mutations

You have a beak for a mouth.
You have claws for feet.
You can fly.


Message History

You hit the ogre. You claw the ogre.
You kill the ogre!
Trog accepts your kill.
You slice one of the five-headed hydra's heads off!
The four-headed hydra grows two more!
You hit the six-headed hydra.
The six-headed hydra is lightly wounded.
The six-headed hydra bites you but does no damage. x2
The six-headed hydra misses you.
The six-headed hydra completely misses you.
The six-headed hydra barely misses you. The six-headed hydra bites you!
* * * LOW HITPOINT WARNING * * *
Drink which item? (? for menu, Esc to quit)
You feel very buoyant.
You swoop lightly up into the air.
The six-headed hydra bites you but does no damage.
The six-headed hydra barely misses you. The six-headed hydra bites you.
* * * LOW HITPOINT WARNING * * *
The six-headed hydra bites you but does no damage.
The six-headed hydra bites you.
You die...

# ..#? .#
#.#.## ..#
......###..#
#.#.#...$..#
........#.#
#.#.#.D)..#
.......@..#
#.#.#.....#
..........#
..###.....#
#.# #
##..### #
#.##.# #.##
# #.##.# #.#
# #.##.# #.#
#.##.# #.#


You could see a six-headed hydra.

Vanquished Creatures
  The ghost of n3xus the Cleaver, a novice MiBe of Trog (D:6)
  Joseph (D:7)
  The ghost of SaintRoka the Insei, a novice OpTm of Cheibriados (D:5)
  Grinder (D:4)
  Sigmund (D:2)
  A black bear (D:6)
  2 ogres
  A centaur (D:7)
  A big kobold (D:7)
  3 giant frogs (D:6)
  2 crimson imps
  3 hounds
  Crazy Yiuf (D:4)
  A giant frog skeleton (D:4)
  2 orc priests
  Ijyb (D:2)
  Terence (D:2)
  3 worker ants
  A worker ant zombie (D:5)
  Robin (D:2)
  A howler monkey zombie (D:4)
  4 gnolls (D:6)
  A howler monkey skeleton (D:4)
  9 adders
  A shadow imp (D:6)
  3 worms
  2 dart slugs (D:1)
  2 giant geckos (D:5)
  19 orcs
  4 bats
  6 giant cockroaches
  15 goblins
  12 hobgoblins
  2 jackals (D:2)
  A quokka (D:3)
  A ball python (D:4)
  A giant cockroach zombie (D:6)
  5 giant newts
  18 kobolds
  A quokka zombie (D:6)
  8 rats
145 creatures vanquished.

Notes
Turn   | Place    | Note
--------------------------------------------------------------
     0 | D:1      | n3xus the Tengu Berserker began the quest for the Orb.
     0 | D:1      | Reached XP level 1. HP: 14/14 MP: 2/2
   370 | D:1      | Reached XP level 2. HP: 14/19 MP: 3/3
  1064 | D:1      | Reached XP level 3. HP: 15/23 MP: 4/4
  1180 | D:1      | Reached ** piety under Trog
  1792 | D:2      | Noticed Sigmund
  1810 | D:2      | Killed Sigmund
  1810 | D:2      | Reached skill level 4 in Axes
  1810 | D:2      | Reached skill level 1 in Stealth
  1810 | D:2      | Reached XP level 4. HP: 6/29 MP: 5/5
  1810 | D:2      | Gained mutation: You can fly. [Tengu growth]
  1810 | D:2      | Reached XP level 5. HP: 7/33 MP: 6/6
  2122 | D:2      | Noticed Terence
  2128 | D:2      | Killed Terence
  2135 | D:2      | Found a sparkling altar of Nemelex Xobeh.
  2143 | D:2      | Noticed Robin
  2151 | D:2      | Reached XP level 6. HP: 37/38 MP: 7/7
  2152 | D:2      | Reached skill level 5 in Axes
  2163 | D:2      | HP: 1/38 [hobgoblin/club[Robin] (3)]
  2208 | D:2      | Killed Robin
  2687 | D:2      | Noticed Ijyb
  2701 | D:2      | Killed Ijyb
  2783 | D:2      | Reached *** piety under Trog
  3251 | D:3      | Found an oddly glowing altar of Pakellas.
  4114 | D:4      | Reached XP level 7. HP: 39/43 MP: 8/8
  4162 | D:4      | Found a staircase to the Ecumenical Temple.
  4239 | D:4      | Found a white marble altar of Elyvilon.
  4259 | D:4      | Noticed Grinder
  4264 | D:4      | Paralysed by Grinder for 6 turns
  4276 | D:4      | Killed Grinder
  4276 | D:4      | Reached skill level 6 in Axes
  4630 | D:4      | Reached skill level 5 in Stealth
  4634 | D:4      | Found an ancient bone altar of Kikubaaqudgha.
  4863 | D:4      | Found a sacrificial altar of Ru.
  4866 | D:4      | Found a bloodstained altar of Trog.
  4868 | D:4      | Found a burning altar of Makhleb.
  4918 | D:4      | Noticed Crazy Yiuf
  4926 | D:4      | Killed Crazy Yiuf
  4926 | D:4      | Reached skill level 7 in Axes
  5014 | D:4      | Reached XP level 8. HP: 41/48 MP: 9/9
  5171 | D:5      | Entered Level 5 of the Dungeon
  5181 | D:5      | Noticed SaintRoka's ghost (novice OpTm)
  5198 | D:5      | Killed SaintRoka's ghost
  5927 | D:6      | Reached skill level 8 in Axes
  6140 | D:6      | Noticed n3xus's ghost (novice MiBe)
  6149 | D:6      | Killed n3xus's ghost
  6149 | D:6      | Reached skill level 9 in Axes
  6149 | D:6      | Reached XP level 9. HP: 48/52 MP: 10/10
  6322 | D:6      | Found an iron altar of Okawaru.
  6329 | D:6      | Reached **** piety under Trog
  6610 | D:6      | Found a shattered altar of Ashenzari.
  6728 | D:7      | Received a gift from Trog
  6735 | D:7      | Reached skill level 10 in Axes
  6798 | D:7      | Found a snail-covered altar of Cheibriados.
  6939 | D:7      | Noticed Joseph
  6958 | D:7      | Killed Joseph
  7313 | D:7      | Found a blossoming altar of Fedhas.
  7344 | D:7      | Noticed a five-headed hydra
  7351 | D:7      | HP: 2/52 [six-headed hydra (1)]
  7351 | D:7      | Slain by a six-headed hydra

Skill      XL: |  1  2  3  4  5  6  7  8  9 |
---------------+----------------------------+-----
Fighting       | 4 |  4.3
Axes           | 4 5 7 9 10 | 10.8
Dodging        | 3 |  3.3
Stealth        | 1 3 5 7 8 |  8.1
Armour         | |  2.8

Action                   |  1- 3 |  4- 6 |  7- 9 || total
-------------------------+-------+-------+-------++-------
Melee: Hand axe          |    92 |   128 |   243 ||   463
       Peck              |    16 |    29 |    41 ||    86
       Kick              |    23 |    31 |    86 ||   140
Invok: Berserk           |     1 |     2 |     5 ||     8
  Use: Potion            |       |     3 |     1 ||     4
       Scroll            |       |     1 |       ||     1
 Stab: Sleeping          |     1 |       |     3 ||     4
       Invisible         |       |    11 |       ||    11
  Eat: Chunk             |     3 |     6 |    15 ||    24
       Bread ration      |       |     1 |       ||     1
Armor: Animal skin       |     6 |       |       ||     6
       Scale mail        |    23 |    77 |   103 ||   203
Dodge: Dodged            |    42 |   135 |   117 ||   294
